[Event "36th European Club Cup 2021"]
[Site "Struga"]
[Date "2021.09.22"]
[Round "5.44"]
[White "O`Donnell, Conor"]
[Black "Cvitan, Ognjen"]
[Result "1/2-1/2"]
[ECO "E35"]
[WhiteElo "2303"]
[BlackElo "2470"]
[Annotator "ChessBase"]
[PlyCount "60"]
[EventDate "2021.09.18"]
[EventType "team-tourn"]
[EventCountry "MKD"]
[SourceTitle "playchess.com"]
[Source "ChessBase"]
[SourceQuality "1"]
[TimeControl "40/5400+30:1800+30"]

1. d4 Nf6 2. c4 e6 3. Nc3 Bb4 4. Qc2 d5 5. cxd5 exd5 6. Bg5 h6 7. Bh4 O-O 8. e3 Be6 9. a3 Be7 10. Nf3 Nbd7 11. Bd3 c5 12. dxc5 Nxc5 13. Nd4 Rc8 14. f3 Nfd7 15. Bxe7 Qxe7 16. f4 Nf6 17. Qd2 Bd7 18. O-O Rfe8 19. Rfe1 Qd6 20. Rad1 Qb6 21. Bb1 a5 22. h3 h5 23. Qf2 Na4 24. Nxa4 Bxa4 25. Rc1 Bd7 26. Qd2 Kf8 27. Rxc8 Rxc8 28. Rc1 Rxc1+ 29. Qxc1 Qd6 30. Qc3 b6 1/2-1/2

[Event "36th European Club Cup 2021"]
[Site "Struga"]
[Date "2021.09.22"]
[Round "5.47"]
[White "Haag, Gregor"]
[Black "Pein, Jonathan"]
[Result "1/2-1/2"]
[ECO "D38"]
[WhiteElo "2370"]
[BlackElo "2254"]
[Annotator "NA"]
[PlyCount "70"]
[EventDate "2021.09.18"]
[EventType "team-tourn"]
[EventCountry "MKD"]
[SourceTitle "playchess.com"]
[Source "ChessBase"]
[SourceQuality "1"]
[TimeControl "40/5400+30:1800+30"]

1. d4 d5 2. c4 e6 3. Nf3 Nf6 4. Nc3 Nbd7 5. Bg5 Bb4 6. e3 c5 7. cxd5 exd5 8. Bd3 Qa5 9. Qc2 O-O 10. O-O c4 11. Bf5 Re8 12. Nd2 g6 13.
Bxd7 Nxd7 14. h4 Nb6 15. f3 Bd7 16. e4 Rac8 17. Rac1 Bf8 18. exd5 Nxd5 19. Nde4 Bg7 20. Qd2 Rc6 21. Nc5 Bxd4+ 22. Qxd4 Qxc5 23. Qxc5 Rxc5 24. Ne4 Rc6 25. Rfd1 Be6 26. Rd4 f5 27. Rxd5 Bxd5 28. Nf6+ Rxf6 29. Bxf6 Kf7 30. Bc3 b5 31. Rd1 Rd8 32. Bb4 Rd7 33. Kf2 Ke6 34. Re1+ Kf7 35. Rd1 Ke6 1/2-1/2

[Event "36th European Club Cup 2021"]
[Site "Struga"]
[Date "2021.09.22"]
[Round "5.48"]
[White "Carroll, Peter"]
[Black "Heinz, Timothee"]
[Result "0-1"]
[ECO "B15"]
[WhiteElo "2059"]
[BlackElo "2394"]
[Annotator "NA"]
[PlyCount "78"]
[EventDate "2021.09.18"]
[EventType "team-tourn"]
[EventCountry "MKD"]
[SourceTitle "playchess.com"]
[Source "ChessBase"]
[SourceQuality "1"]
[TimeControl "40/5400+30:1800+30"]

1. e4 c6 2. d4 d5 3. Nc3 dxe4 4. Nxe4 Nf6 5. Nxf6+ exf6 6. Bc4 Bd6 7. Qe2+ Be7 8. Nf3 O-O 9. O-O Bg4 10. c3 Nd7 11. h3 Bh5 12. Bf4 Nb6 13.
Bb3 Re8 14. Qd3 Qd7 15. Bh2 c5 16. d5 Bg6 17. Qd2 Be4 18.
d6 Bxf3 19. gxf3 Bf8 20. Kg2 Rad8 21. Rad1 g6 22. Qf4 f5 23. Rd2 Bg7 24. Rfd1 Be5 25. Qh4 Bxh2 26. Kxh2 Kg7 27. a4 a5 28. Bc2 Qe6 29. Kg2 Rd7 30. b4 Qc4 31. Qxc4 Nxc4 32. Rd5 Re2 33.
Bd3 Ne3+ 34. Kg1 Nxd5 35. Bxe2 Nxc3 36. Rd2 Nxe2+ 37. Rxe2 cxb4 38. Re7 Rxd6 39. Rxb7 Rd1+ 0-1

[Event "36th European Club Cup 2021"]
[Site "Struga"]
[Date "2021.09.22"]
[Round "5.50"]
[White "Seo, Jung Min"]
[Black "Roeder, Matthias"]
[Result "0-1"]
[ECO "B25"]
[WhiteElo "2469"]
[BlackElo "2372"]
[Annotator "ChessBase"]
[PlyCount "112"]
[EventDate "2021.09.18"]
[EventType "team-tourn"]
[EventCountry "MKD"]
[SourceTitle "playchess.com"]
[Source "ChessBase"]
[SourceQuality "1"]
[TimeControl "40/5400+30:1800+30"]

1. e4 c5 2. Nc3 Nc6 3. g3 g6 4. Bg2 Bg7 5. Nge2 Rb8 6. a4 d6 7. d3 a6 8. Be3 Nf6 9. h3 b5 10. axb5 axb5 11. f4 b4 12. Na4 Bd7 13. c3 O-O 14. d4 Na5 15. dxc5 Bc6 16. Nb6 Nb7 17. cxb4 dxc5 18. bxc5 Nxe4 19. Qxd8 Rfxd8 20. O-O Nbxc5 21.
Nc4 Bb5 22. Rac1 f5 23. Bxc5 Nxc5 24. Bf3 Nd3 25. Rc2 Nb4 26. Rcc1 Rd3 27. Kg2 e6 28. Ng1 Bd4 29. Be2 Bxg1 30. Rxg1 Bxc4 31. Rxc4 Rd2 32. Kf2 Nd5 33. b4 Rxb4 34. Rxb4 Nxb4 35. Rd1 Rxd1 36. Bxd1 Nd5 37. Kf3 h6 38. g4 Kf7 39. Ba4 Kf6 40. Bb3 Ne7 41. Ba4 e5 42. fxe5+ Kxe5 43. gxf5 gxf5 44. Bb5 Kf6 45. Ba4 Ng6 46. Bb5 Kg5 47. Bf1 h5 48. Ke3 h4 49. Kf3 Kf6 50. Ba6 Ke5 51.
Bb5 Nf4 52. Bf1 Ne6 53. Ba6 Ng5+ 54. Kg2 Ke4 55. Bc8 f4 56. Kf2 f3 0-1

[Event "36th European Club Cup 2021"]
[Site "Struga"]
[Date "2021.09.22"]
[Round "5.51"]
[White "Boidman, Yuri"]
[Black "Lokander, Martin"]
[Result "0-1"]
[ECO "C73"]
[WhiteElo "2318"]
[BlackElo "2452"]
[Annotator "ChessBase"]
[PlyCount "68"]
[EventDate "2021.09.18"]
[EventType "team-tourn"]
[EventCountry "MKD"]
[SourceTitle "playchess.com"]
[Source "ChessBase"]
[SourceQuality "1"]
[TimeControl "40/5400+30:1800+30"]

1. e4 e5 2. Nf3 Nc6 3. Bb5 a6 4. Ba4 d6 5. Bxc6+ bxc6 6. d4 f6 7. O-O Ne7 8. Nbd2 Ng6 9. Nb3 Be7 10. Na5 Qd7 11. Qd3 d5 12. c4 f5 13. Nxe5 Nxe5 14. dxe5 fxe4 15. Qg3 O-O 16. Bh6 Rf7 17. cxd5 cxd5 18. Rac1 c5 19. b4 Qa4 20. f3 Be6 21. fxe4 Raf8 22. Rf6 Qd7 23. Rxf7 Rxf7 24. bxc5 dxe4 25. c6 Bc5+ 26. Kh1 Qc7 27. Nb7 Bf2 28. Qg5 Rf5 29. Qd8+ Qxd8 30. Nxd8 Bc8 31. Bd2 e3 32. Bc3 e2 33. g3 Bb6 34. Kg2 Rf2+ 0-1

[Event "36th European Club Cup 2021"]
[Site "Struga"]
[Date "2021.09.22"]
[Round "5.52"]
[White "Ertan, Can"]
[Black "Hautot, Stephane"]
[Result "1-0"]
[ECO "B07"]
[WhiteElo "2384"]
[BlackElo "2329"]
[Annotator "NA"]
[PlyCount "39"]
[EventDate "2021.09.18"]
[EventType "team-tourn"]
[EventCountry "MKD"]
[SourceTitle "playchess.com"]
[Source "ChessBase"]
[SourceQuality "1"]
[TimeControl "40/5400+30:1800+30"]

1. e4 d6 2. d4 Nf6 3. Nc3 Nbd7 4. f4 e5 5. Nf3 exd4 6. Qxd4 c6 7. Be3 d5 8. e5 Ng4 9. Bg1 Nh6 10. O-O-O Qa5 11. g4 Nxg4 12. f5 Nh6 13. e6 fxe6 14. fxe6 Nf6 15. Bh3 Qb4 16. Qd2 Be7 17. Bd4 Ne4 18. Nxe4 dxe4 19. Bxg7 Rg8 20. Qxh6 1-0

[Event "36th European Club Cup 2021"]
[Site "Struga"]
[Date "2021.09.22"]
[Round "5.53"]
[White "Dardha, Arben"]
[Black "Arman, Deniz"]
[Result "1/2-1/2"]
[ECO "B33"]
[WhiteElo "2253"]
[BlackElo "2336"]
[Annotator "NA"]
[PlyCount "66"]
[EventDate "2021.09.18"]
[EventType "team-tourn"]
[EventCountry "MKD"]
[SourceTitle "playchess.com"]
[Source "ChessBase"]
[SourceQuality "1"]
[TimeControl "40/5400+30:1800+30"]

1. e4 c5 2. Nf3 Nc6 3. d4 cxd4 4. Nxd4 Nf6 5. Nc3 e5 6.
Ndb5 d6 7. Bg5 a6 8. Na3 b5 9. Nd5 Be7 10. Bxf6 Bxf6 11. c4 b4 12. Nc2 O-O 13. g3 Be6 14. h4 a5 15. b3 a4 16. Bg2 axb3 17. axb3 Rxa1 18. Nxf6+ gxf6 19. Qxa1 Qa5 20. O-O Ra8 21. Qd1 Qc5 22. Kh2 Ra2 23. Qb1 Qa7 24. Bh3 Bxh3 25. Kxh3 Nd4 26. Nxd4 exd4 27. Qd3 Ra1 28. Rd1 Rxd1 29. Qxd1 Kg7 30. Kg2 Qa2 31. Qg4+ Kf8 32. Qc8+ Kg7 33. Qg4+ Kf8 1/2-1/2

[Event "36th European Club Cup 2021"]
[Site "Struga"]
[Date "2021.09.22"]
[Round "5.54"]
[White "Thorn, Eric"]
[Black "Jeitz, Christian"]
[Result "1-0"]
[ECO "B31"]
[WhiteElo "2292"]
[BlackElo "2231"]
[Annotator "NA"]
[PlyCount "79"]
[EventDate "2021.09.18"]
[EventType "team-tourn"]
[EventCountry "MKD"]
[SourceTitle "playchess.com"]
[Source "ChessBase"]
[SourceQuality "1"]
[TimeControl "40/5400+30:1800+30"]

1. e4 c5 2. Nf3 Nc6 3. Bb5 g6 4. Bxc6 dxc6 5. d3 Bg7 6. h3 e5 7. Be3 Qe7 8. Qd2 Nf6 9. Nc3 Nd7 10. Bh6 Bxh6 11. Qxh6 f6 12. Nd2 Nf8 13. f4 exf4 14. Qxf4 Be6 15. O-O Nd7 16. Rae1 O-O 17. Qc7 Rab8 18. Nd5 Qf7 19. Nf4 Rfe8 20. Rf2 Nf8 21. Nxe6 Qxe6 22. Ref1 Nd7 23. Nc4 Rec8 24. Qg3 Rf8 25. Ne3 Ne5 26. Ng4 Nxg4 27. hxg4 Rbe8 28. g5 f5 29. exf5 Rxf5 30. Rxf5 gxf5 31. Qf2 Rf8 32. Qxc5 Qxa2 33. b3 Qb2 34. Kh2 Rf7 35. d4 b6 36. Qc4 Kg7 37. Re1 a5 38. Qxc6 Rf8 39. Re7+ Kg8 40. Qe6+ 1-0

[Event "36th European Club Cup 2021"]
[Site "Struga"]
[Date "2021.09.22"]
[Round "5.55"]
[White "Uruci, Endrit"]
[Black "Markoja, Boris"]
[Result "1/2-1/2"]
[ECO "C01"]
[WhiteElo "2279"]
[BlackElo "2453"]
[Annotator "ChessBase"]
[PlyCount "60"]
[EventDate "2021.09.18"]
[EventType "team-tourn"]
[EventCountry "MKD"]
[SourceTitle "playchess.com"]
[Source "ChessBase"]
[SourceQuality "1"]
[TimeControl "40/5400+30:1800+30"]

1. e4 e6 2. d4 d5 3. exd5 exd5 4. Bd3 Nc6 5. c3 Bd6 6. Ne2 Qf6 7. Nd2 Nge7 8. O-O Bf5 9. Nf3 Bxd3 10. Qxd3 h6 11. Ng3 O-O 12. Re1 Rfe8 13. Bd2 Qg6 14. Qxg6 Nxg6 15. Nf5 Bf4 16. g3 Bxd2 17. Nxd2 Nce7 18. Nxe7+ Rxe7 19. Rxe7 Nxe7 20. Re1 Kf8 21.
Kf1 Re8 22. Nf3 Nc6 23. Rxe8+ Kxe8 24. Ke2 Ke7 25. Nd2 Nd8 26. Ke3 c6 27. Nf3 Ne6 28. Nd2 Nc7 29. Nf3 Ne8 30. Nd2 Nd6 1/2-1/2

[Event "36th European Club Cup 2021"]
[Site "Struga"]
[Date "2021.09.22"]
[Round "5.56"]
[White "Subelj, Jan"]
[Black "Saraci, Korab"]
[Result "1-0"]
[ECO "C42"]
[WhiteElo "2415"]
[BlackElo "2154"]
[Annotator "NA"]
[PlyCount "77"]
[EventDate "2021.09.18"]
[EventType "team-tourn"]
[EventCountry "MKD"]
[SourceTitle "playchess.com"]
[Source "ChessBase"]
[SourceQuality "1"]
[TimeControl "40/5400+30:1800+30"]

1. e4 e5 2. Nf3 Nf6 3. Nxe5 d6 4. Nf3 Nxe4 5. Nc3 Nxc3 6.
dxc3 Be7 7. Be3 Nd7 8. Qd2 O-O 9. O-O-O Nf6 10. Bd3 c5 11.
Bg5 Qa5 12. a3 Be6 13. Rhe1 Rfe8 14. Qf4 c4 15. Bxf6 Bxf6 16. Bxc4 d5 17. Bb3 Qc5 18. Nd4 Bd7 19. Kb1 h6 20. Nf5 Bg5 21. Rxe8+ Rxe8 22. Qf3 Bc6 23. h4 d4 24. Qh3 Bf6 25. cxd4 Qa5 26. Nd6 Re7 27. Qc8+ Kh7 28. Nxf7 Re8 29. Qh3 Qh5 30. Qd3+ Be4 31. Qd2 Bg6 32. Ne5 Rd8 33. g4 Qxh4 34. Nxg6 Qxg4 35. Nf4 Rxd4 36. Nd3 h5 37. Re1 h4 38. Qe3 Qg2 39. Qe8 1-0

[Event "36th European Club Cup 2021"]
[Site "Struga"]
[Date "2021.09.22"]
[Round "5.57"]
[White "Salihu, Sami"]
[Black "Mikhalchishin, Adrian"]
[Result "0-1"]
[ECO "A48"]
[WhiteElo "2207"]
[BlackElo "2455"]
[Annotator "ChessBase"]
[PlyCount "120"]
[EventDate "2021.09.18"]
[EventType "team-tourn"]
[EventCountry "MKD"]
[SourceTitle "playchess.com"]
[Source "ChessBase"]
[SourceQuality "1"]
[TimeControl "40/5400+30:1800+30"]

1. d4 Nf6 2. Nf3 g6 3. Bg5 Bg7 4. Bxf6 Bxf6 5. e4 c5 6. e5 Bg7 7. dxc5 Nc6 8. Qd5 Qc7 9. Nc3 Nxe5 10. Nxe5 Qxe5+ 11. Qxe5 Bxe5 12. O-O-O b6 13. Na4 bxc5 14. Nxc5 Rb8 15. b3 d6 16. Na6 Rb6 17. Nc7+ Kd7 18. Nd5 Rb8 19. f4 Bg7 20. g3 e6 21. Ne3 Bb7 22. Bg2 Bxg2 23.
Nxg2 Rhc8 24. Rhe1 Bc3 25. Re2 Rb5 26. Rd3 d5 27. Ne3 Rbc5 28.
Nc4 Bf6 29. Ne5+ Ke7 30. Rd4 g5 31. Kd1 R8c7 32. a4 Rc3 33.
fxg5 Bxg5 34. Rd3 f6 35. Rxc3 Rxc3 36. Nd3 Kd6 37. Rf2 f5 38. Rf3 d4 39. h4 Be3 40. Nf4 Ke5 41. Nd3+ Ke4 42. Rf1 Rc7 43. Nf4 e5 44. Ne6 Rc6 45. Ng5+ Bxg5 46. hxg5 Rg6 47. Re1+ Kd5 48. Rh1 Rxg5 49. Rxh7 Rxg3 50. Rxa7 Rg1+ 51. Kd2 Rg2+ 52. Kc1 e4 53. a5 e3 54. Re7 Rg1+ 55. Kb2 f4 56. a6 f3 57. a7 Rg8 58.
Rd7+ Kc6 59. Rg7 Ra8 60. Rf7 e2 0-1

[Event "36th European Club Cup 2021"]
[Site "Struga"]
[Date "2021.09.22"]
[Round "5.59"]
[White "Jashari, Ardian"]
[Black "Buzeti, Jernej"]
[Result "0-1"]
[ECO "B95"]
[WhiteElo "2109"]
[BlackElo "2236"]
[Annotator "NA"]
[PlyCount "104"]
[EventDate "2021.09.18"]
[EventType "team-tourn"]
[EventCountry "MKD"]
[SourceTitle "playchess.com"]
[Source "ChessBase"]
[SourceQuality "1"]
[TimeControl "40/5400+30:1800+30"]

1. e4 c5 2. Nf3 d6 3. d4 cxd4 4. Nxd4 Nf6 5. Nc3 a6 6. Bg5 e6 7. Qf3 Nbd7 8. O-O-O Qc7 9. Bxf6 Nxf6 10. g4 b5 11. g5 Nd7 12. Qh3 b4 13. g6 Ne5 14. gxf7+ Nxf7 15. Nxe6 Qe7 16. Nd5 Bxe6 17. Nxe7 Bxh3 18. Nd5 Bxf1 19. Nc7+ Kd7 20. Nxa8 Be2 21. Rd4 g6 22. Nb6+ Kc6 23. Rxb4 Bh6+ 24. Kb1 a5 25. Rb3 Rb8 26. Nd5 Rxb3 27. axb3 Bf3 28. Re1 Bd2 29. Rg1 Bxe4 30. Nf6 Bf5 31. Nxh7 Ne5 32. Ng5 Ng4 33. Nf3 Bf4 34. Nd4+ Kd5 35. Nxf5 gxf5 36. h4 Ke4 37. c3 Kf3 38. b4 axb4 39. cxb4 Kxf2 40. Rd1 Ke2 41. Rd5 Ne3 42. Ra5 Be5 43. Rxe5 dxe5 44. b5 Nd5 45. h5 f4 46. h6 f3 47. h7 f2 48. h8=Q f1=Q+ 49. Ka2 Qf4 50. Qh5+ Kd2 51. Qh1 Qa4+ 52. Kb1 Qd1+ 0-1

[Event "36th European Club Cup 2021"]
[Site "Struga"]
[Date "2021.09.22"]
[Round "5.60"]
[White "Bratkovic, Sham"]
[Black "Asllani, Ibrahim"]
[Result "1-0"]
[ECO "E61"]
[WhiteElo "2213"]
[BlackElo "2038"]
[Annotator "NA"]
[PlyCount "75"]
[EventDate "2021.09.18"]
[EventType "team-tourn"]
[EventCountry "MKD"]
[SourceTitle "playchess.com"]
[Source "ChessBase"]
[SourceQuality "1"]
[TimeControl "40/5400+30:1800+30"]

1. d4 Nf6 2. c4 g6 3. Nc3 Bg7 4. g3 c5 5. Nf3 cxd4 6. Qxd4 Nc6 7. Qd1 d6 8. Bg2 h5 9. O-O Bg4 10. Qa4 Qd7 11. Rd1 Bxf3 12. Bxf3 h4 13.
Bg2 hxg3 14. hxg3 Rh5 15. Nb5 Kf8 16. Qb3 Ne8 17. Nc3 Bd4 18.
Nd5 e6 19. Nf4 Rh7 20. Be3 e5 21. Nd5 Kg7 22. Qd3 f5 23. Bxd4 Nxd4 24. e3 Ne6 25. b4 e4 26. Qc3+ Kf7 27. c5 Rc8 28. Qa3 Rc6 29. Qxa7 g5 30.
Qb8 g4 31. Nb6 Rxb6 32. cxb6 Ng5 33. Rac1 Nf3+ 34. Bxf3 gxf3 35. Rc7 Nxc7 36. bxc7 Qe6 37. c8=Q Qh6 38. Qg8+ 1-0

[Event "36th European Club Cup 2021"]
[Site "Struga"]
[Date "2021.09.23"]
[Round "6.5"]
[White "Alonso Rosell, Alvar"]
[Black "Sakaev, Konstantin"]
[Result "0-1"]
[ECO "D12"]
[WhiteElo "2566"]
[BlackElo "2595"]
[Annotator "ChessBase"]
[PlyCount "142"]
[EventDate "2021.09.18"]
[EventType "team-tourn"]
[EventCountry "MKD"]
[SourceTitle "playchess.com"]
[Source "ChessBase"]
[SourceQuality "1"]
[TimeControl "40/5400+30:1800+30"]

1. d4 d5 2. c4 c6 3. Nf3 Nf6 4. e3 Bf5 5. Nc3 e6 6. Nh4 Bg6 7. Be2 Nbd7 8.
O-O Bd6 9. g3 Bc7 10. Nxg6 hxg6 11. Qc2 dxc4 12. Bxc4 Ng4 13. h4 g5 14. Qe2 Nh6 15. h5 Nf5 16. Rd1 Qf6 17. b4 g6 18. Ne4 Qg7 19. Nxg5 Rxh5 20. g4 Rh4 21. Qf3 Nh6 22. Bxe6 fxe6 23. Nxe6 Bh2+ 24. Kf1 Qe7 25. d5 cxd5 26. Qxd5 Be5 27. Ba3 Nxg4 28. b5 Qf7 29. Nc7+ Bxc7 30. Qxf7+ Kxf7 31. Rxd7+ Ke6 32. Re7+ Kf6 33.
Rxc7 Rh2 34. Rc4 Rxf2+ 35. Kg1 Rg2+ 36. Kxg2 Nxe3+ 37. Kf3 Nxc4 38. Bc5 b6 39. Bd4+ Kf5 40. Bc3 Re8 41. Rc1 Re3+ 42. Kf2 Rh3 43. Bb4 Ne5 44. Kg2 Re3 45. Rf1+ Ke6 46. a3 Nd3 47. Bf8 g5 48. a4 Re4 49. Ra1 Rg4+ 50. Kh3 Rf4 51. Bg7 Kd5 52. Kg3 Nc5 53. a5 Ne4+ 54. Kg2 Kc5 55. Be5 Rf2+ 56. Kg1 Rf7 57. axb6 axb6 58. Re1 Nd2 59. Kg2 Kxb5 60. Bd4 Rf5 61. Re6 Nc4 62. Kg3 Rd5 63. Bf6 Rd6 64. Rxd6 Nxd6 65. Kg4 Nf7 66. Kf5 Kc4 67. Kg6 b5 68. Kxf7 g4 69. Be5 b4 70. Ke6 b3 71. Kf5 g3 0-1

[Event "36th European Club Cup 2021"]
[Site "Struga"]
[Date "2021.09.23"]
[Round "6.6"]
[White "Goganov, Aleksey"]
[Black "Henderson de La Fuente, Lance"]
[Result "1/2-1/2"]
[ECO "C95"]
[WhiteElo "2559"]
[BlackElo "2491"]
[Annotator "ChessBase"]
[PlyCount "85"]
[EventDate "2021.09.18"]
[EventType "team-tourn"]
[EventCountry "MKD"]
[SourceTitle "playchess.com"]
[Source "ChessBase"]
[SourceQuality "1"]
[TimeControl "40/5400+30:1800+30"]

1. e4 e5 2. Nf3 Nc6 3. Bb5 a6 4. Ba4 Nf6 5. O-O Be7 6. Re1 b5 7. Bb3 d6 8. c3 O-O 9. h3 Nb8 10. d4 Nbd7 11. Nbd2 Bb7 12. Bc2 Re8 13. Nf1 Bf8 14. Ng3 g6 15. a4 c6 16. Bg5 Qc7 17. Qd2 Bg7 18.
Bh6 Bh8 19. b4 Rad8 20. Bb3 Nf8 21. Ng5 Re7 22. Rad1 Rde8 23. f4 Bg7 24. Bxg7 Kxg7 25. axb5 cxb5 26. fxe5 dxe5 27. d5 Qb6+ 28. Kh2 Rd8 29. Re3 Ne8 30. Rf1 f6 31. Qf2 Rd6 32. Nf3 Bc8 33.
Nd2 a5 34. bxa5 Qxa5 35. c4 Rc7 36. Rf3 Nd7 37. cxb5 Qxb5 38. Ra1 Nc5 39. Bc4 Qb2 40. Ra2 Qb4 41. Qe2 Rd8 42. Rf1 Nb7 43.
Rb1 1/2-1/2

[Event "36th European Club Cup 2021"]
[Site "Struga"]
[Date "2021.09.23"]
[Round "6.15"]
[White "Antipov, Mikhail Al."]
[Black "Papp, Gabor"]
[Result "1-0"]
[ECO "C42"]
[WhiteElo "2607"]
[BlackElo "2599"]
[Annotator "ChessBase"]
[PlyCount "75"]
[EventDate "2021.09.18"]
[EventType "team-tourn"]
[EventCountry "MKD"]
[SourceTitle "playchess.com"]
[Source "ChessBase"]
[SourceQuality "1"]
[TimeControl "40/5400+30:1800+30"]

1. e4 e5 2. Nf3 Nf6 3. Nxe5 d6 4. Nf3 Nxe4 5. Bd3 Nf6 6.
O-O Be7 7. Re1 O-O 8. Bf1 d5 9. d4 h6 10. h3 c5 11. Be3 b6 12. Ne5 Bd6 13.
Nc3 a6 14. Qf3 Be6 15. Rad1 b5 16. a4 b4 17. Ne2 c4 18. Ng3 Nbd7 19. Bf4 Qc7 20. b3 Ne4 21. bxc4 Nc3 22. Nh5 Bxe5 23. Rxe5 Nxe5 24. Bxe5 Qe7 25. Bxg7 Qg5 26. Be5 f5 27. Re1 Ne4 28. Nf4 Bf7 29. cxd5 Nd2 30. Qd3 Nxf1 31. Qxf1 Rac8 32. Re3 Rc3 33. Rxc3 bxc3 34. Qxa6 Kh7 35. Qb7 Kg8 36. a5 Qd8 37. a6 Qa5 38. Qc6 1-0

[Event "36th European Club Cup 2021"]
[Site "Struga"]
[Date "2021.09.23"]
[Round "6.16"]
[White "Thybo, Jesper Sondergaard"]
[Black "Lomasov, Semyon"]
[Result "1-0"]
[ECO "E11"]
[WhiteElo "2587"]
[BlackElo "2526"]
[Annotator "ChessBase"]
[PlyCount "133"]
[EventDate "2021.09.18"]
[EventType "team-tourn"]
[EventCountry "MKD"]
[SourceTitle "playchess.com"]
[Source "ChessBase"]
[SourceQuality "1"]
[TimeControl "40/5400+30:1800+30"]

1. d4 e6 2. c4 Bb4+ 3. Bd2 a5 4. Nf3 d5 5. Qc2 Nf6 6. g3 Nc6 7. Bg2 dxc4 8. Qxc4 Qd5 9. Qd3 Qf5 10. Qxf5 exf5 11. O-O Be6 12. Rc1 O-O 13. Bf4 Nd5 14. Nc3 a4 15. Nxd5 Bxd5 16. Bxc7 Bxf3 17. exf3 Nxd4 18. Rc4 Nc6 19. f4 Rfc8 20. Bb6 Ra6 21. Be3 Be7 22. Rd1 Rd8 23. Rxd8+ Bxd8 24. Rc5 Ra5 25. Rc2 Bf6 26. Bxc6 bxc6 27. Rxc6 h5 28. b4 axb3 29. axb3 Rb5 30. Rb6 Rxb6 31. Bxb6 Kf8 32. Kf1 Ke7 33. Ke2 Kd6 34. Kd3 Kd5 35. b4 Be7 36. b5 Bb4 37. Bd4 g6 38.
h3 Be1 39. Be3 Bb4 40. Bd4 Be1 41. Be3 Bb4 42. f3 Be1 43. g4 hxg4 44. fxg4 fxg4 45. hxg4 Bb4 46. Kc2 Be1 47. Kb3 Ba5 48. Kc2 Be1 49. Bd2 Bf2 50. Kb3 Bb6 51. Kb4 Bc7 52. Ka4 Ke4 53. Kb3 Kd5 54. Kb4 Bb6 55. Kc3 Ba5+ 56. Kd3 Bb6 57. Be3 Ba5 58. b6 Kc6 59. Ke4 Bb4 60. Ke5 Be7 61. g5 Bd8 62. b7 Kxb7 63. Kd6 Kc8 64. Bd2 f6 65. f5 fxg5 66. fxg6 Bf6 67. Bxg5 1-0

[Event "36th European Club Cup 2021"]
[Site "Struga"]
[Date "2021.09.23"]
[Round "6.17"]
[White "Arngrimsson, Dagur"]
[Black "Rozentalis, Eduardas"]
[Result "0-1"]
[ECO "E00"]
[WhiteElo "2383"]
[BlackElo "2509"]
[Annotator "ChessBase"]
[PlyCount "82"]
[EventDate "2021.09.18"]
[EventType "team-tourn"]
[EventCountry "MKD"]
[SourceTitle "playchess.com"]
[Source "ChessBase"]
[SourceQuality "1"]
[TimeControl "40/5400+30:1800+30"]

1. d4 e6 2. c4 Nf6 3. a3 g6 4. Nc3 Bg7 5. Nf3 O-O 6. Bg5 h6 7. Bh4 d6 8. h3 g5 9. Bg3 Nh5 10. Bh2 f5 11. g4 fxg4 12. hxg4 Nf6 13. Rg1 Nc6 14. e3 e5 15. d5 Ne7 16. Nd2 c6 17. Be2 a6 18. Qb3 cxd5 19. cxd5 b5 20.
O-O-O Bb7 21. Nde4 Nxe4 22. Nxe4 Ng6 23. Kb1 Qd7 24. Bg3 Rad8 25. Bd3 Ne7 26. Bc2 Rc8 27. Qd3 Bxd5 28. Nxg5 hxg5 29. Qh7+ Kf7 30. Qh5+ Ke6 31. Bf5+ Nxf5 32. Qg6+ Ke7 33. Rxd5 Rf6 34. Qxg5 Bh6 35. Qh5 Nxg3 36. fxg3 Qc6 37. Rgd1 Qc2+ 38. Ka1 Qg6 39. Qh1 Qxg4 40. R5d2 Qf3 41. Qxf3 Rxf3 0-1

[Event "36th European Club Cup 2021"]
[Site "Struga"]
[Date "2021.09.23"]
[Round "6.18"]
[White "Chatalbashev, Boris"]
[Black "Lagerman, Robert"]
[Result "1/2-1/2"]
[ECO "A59"]
[WhiteElo "2530"]
[BlackElo "2300"]
[Annotator "ChessBase"]
[PlyCount "117"]
[EventDate "2021.09.18"]
[EventType "team-tourn"]
[EventCountry "MKD"]
[SourceTitle "playchess.com"]
[Source "ChessBase"]
[SourceQuality "1"]
[TimeControl "40/5400+30:1800+30"]

1. d4 Nf6 2. c4 c5 3. d5 b5 4. cxb5 a6 5. bxa6 g6 6. Nc3 Bxa6 7. e4 Bxf1 8.
Kxf1 d6 9. Nf3 Bg7 10. g3 O-O 11. Kg2 Nbd7 12. a4 Qa5 13. Bd2 Rfb8 14. Nb5 Qd8 15. Qc2 Ne8 16. Ra3 Nc7 17. Nc3 Ne5 18. Nxe5 Bxe5 19. Rb1 Qd7 20. Rb3 f5 21. Rxb8+ Rxb8 22. a5 fxe4 23. Nxe4 Nxd5 24. Qc4 Qe6 25. Kg1 Nc7 26. Qxe6+ Nxe6 27. b4 d5 28. Ng5 Nxg5 29. Bxg5 Rxb4 30. Rxb4 cxb4 31. a6 Bb8 32. Bxe7 b3 33. Ba3 Kf7 34. Kf1 Ke6 35. Ke2 d4 36. Kd3 Kd5 37. Bb2 Ba7 38. f4 h5 39. h3 Bb6 40. g4 hxg4 41. hxg4 Ba7 42. Ba3 Bb6 43. Be7 Ke6 44. Bd8 Ba7 45. Bc7 Kd7 46. Be5 Ke6 47. Bg7 Kd5 48. Bf8 Bb6 49. Bb4 Ba7 50. Ba3 Bb6 51. Bc1 Ba7 52. Bd2 Ke6 53. Bc1 Kd5 54. g5 Bb6 55. Bb2 Ba7 56. Ba3 Bb6 57.
Bc1 Ba7 58. Bb2 Bb6 59. Bc1 1/2-1/2

[Event "36th European Club Cup 2021"]
[Site "Struga"]
[Date "2021.09.23"]
[Round "6.21"]
[White "Miladinovic, Igor"]
[Black "Asadli, Vugar"]
[Result "0-1"]
[ECO "A45"]
[WhiteElo "2536"]
[BlackElo "2578"]
[Annotator "ChessBase"]
[PlyCount "104"]
[EventDate "2021.09.18"]
[EventType "team-tourn"]
[EventCountry "MKD"]
[SourceTitle "playchess.com"]
[Source "ChessBase"]
[SourceQuality "1"]
[TimeControl "40/5400+30:1800+30"]

1. d4 Nf6 2. Bg5 c5 3. dxc5 e6 4. e3 Bxc5 5. Nd2 d5 6. Ngf3 h6 7. Bh4 Nc6 8. h3 O-O 9. a3 Bd6 10. Bxf6 Qxf6 11. c3 Bc7 12. Bd3 e5 13. e4 Be6 14. Qe2 Rad8 15. exd5 Bxd5 16. Ne4 Qe6 17. g4 Ne7 18. Nh4 Bc6 19. O-O-O Nd5 20. Ng2 Bb6 21. Bc4 Qe7 22. Bb5 Nxc3 23. Nxc3 Bxg2 24. Rhg1 Rxd1+ 25. Qxd1 Rd8 26. Qe2 Qg5+ 27. Kc2 Bxh3 28. Rg3 Qh4 29. Qf3 Bxg4 30. Rxg4 Qxf2+ 31. Qxf2 Bxf2 32. Bc4 Bd4 33. Ne4 Kf8 34. Rg3 f5 35. Rf3 g6 36. Ng3 Kg7 37. Nxf5+ gxf5 38. Rxf5 Rc8 39. Kd3 Bxb2 40. Rf7+ Kg6 41. Re7 b6 42. Bf7+ Kf6 43. Rxa7 Rc3+ 44. Ke4 Rxa3 45. Rb7 Ra4+ 46. Ke3 Bd4+ 47. Kf3 Ra3+ 48. Ke4 Re3+ 49. Kd5 Bc5 50. Be8 Rd3+ 51. Ke4 Rd4+ 52. Kf3 e4+ 0-1

[Event "36th European Club Cup 2021"]
[Site "Struga"]
[Date "2021.09.23"]
[Round "6.22"]
[White "Suleymanli, Aydin"]
[Black "Perunovic, Milos"]
[Result "1/2-1/2"]
[ECO "A57"]
[WhiteElo "2536"]
[BlackElo "2566"]
[Annotator "ChessBase"]
[PlyCount "74"]
[EventDate "2021.09.18"]
[EventType "team-tourn"]
[EventCountry "MKD"]
[SourceTitle "playchess.com"]
[Source "ChessBase"]
[SourceQuality "1"]
[TimeControl "40/5400+30:1800+30"]

1. d4 Nf6 2. c4 c5 3. d5 b5 4. Nf3 g6 5. cxb5 a6 6. b6 Qxb6 7. Nc3 Bg7 8. e4 d6 9. Nd2 O-O 10. Be2 Nbd7 11. Nc4 Qd8 12. Bf4 Nb6 13. Ne3 a5 14. a4 Ba6 15.
Bxa6 Rxa6 16. Qe2 Ra8 17. O-O Rb8 18. Rfd1 Qc8 19. h3 Qb7 20. Bh2 Ne8 21. e5 dxe5 22. Ng4 Nd7 23. Nxe5 Nxe5 24. Bxe5 Bxe5 25. Qxe5 Nd6 26. Rab1 Qd7 27. Re1 Rb7 28. Re2 Rfb8 29. Rbe1 Rxb2 30. Qxe7 Qxe7 31. Rxe7 Rc2 32. Nb5 Rd8 33. Ra7 Nxb5 34. axb5 Rxd5 35. Rb1 Rdd2 36. b6 Rxf2 37. b7 Rxg2+ 1/2-1/2